 Dungeon Crawl Stone Soup version 0.29.1-12-g30fa7ad0bf (webtiles) character file.

Game seed: 3416453232525688380

611 booth the Digger (level 7, -5/56 HPs)
             Began as a Gnoll Wanderer on Jan 14, 2023.
             Was a Believer of Makhleb.
             Slain by Pikel
             ... wielding a +2 whip of flaming
              (9 damage)
             ... on level 4 of the Dungeon.
             The game lasted 00:32:35 (3631 turns).

booth the Digger (Gnoll Wanderer)                   Turns: 3631, Time: 00:32:36

Health: -5/56      AC:  7    Str: 10    XL:     7   Next: 44%
Magic:  7/12       EV: 11    Int: 15    God:    Makhleb [**....]
Gold:   337        SH:  5    Dex: 11    Spells: 12/13 levels left

rFire   + . .      SeeInvis .   g - +2 dagger (venom)
rCold   . . .      Faith    .   b - +0 buckler
rNeg    . . .      Spirit   .   h - +0 leather armour
rPois   .          Reflect  .   t - +0 helmet
rElec   .          Harm     .   (no cloak)
rCorr   +          Rampage  .   p - +0 pair of gloves
Will    .....                   j - +1 pair of boots
Stlth   ++........              (no amulet)
HPRegen 0.18/turn               u - ring of protection from fire
MPRegen 0.13/turn               A - ring of resist corrosion

@: no status effects
A: fangs 1, strong nose, distributed training
a: Renounce Religion, Minor Destruction


You were on level 4 of the Dungeon.
You worshipped Makhleb.
Makhleb was pleased with you.
You visited 1 branch of the dungeon, and saw 4 of its levels.
You also visited: Sewer.

You collected 337 gold pieces.

Inventory:

Hand Weapons
 g - a +2 dagger of venom (weapon)
 m - a +0 mace
 C - a +1 dagger of protection
 L - a +0 flail
Missiles
 i - 3 curare-tipped darts
 k - 5 silver javelins
 n - 5 silver boomerangs (quivered)
 D - 4 poisoned darts
Armour
 b - a +0 buckler (worn)
 d - a +0 robe
 h - a +0 leather armour (worn)
 j - a +1 pair of boots (worn)
 p - a +0 pair of gloves (worn)
 t - a +0 helmet (worn)
 x - a +1 scale mail of cold resistance
 E - an orb of mayhem
 K - a +0 ring mail of fire resistance
Jewellery
 u - a ring of protection from fire (left hand)
 A - a ring of resist corrosion (right hand)
Wands
 B - a wand of roots (4)
Scrolls
 c - 3 scrolls of blinking
 e - 2 scrolls of butterflies
 f - a scroll of magic mapping {unknown}
 q - a scroll of fear {unknown}
 r - 2 scrolls of teleportation {unknown}
 y - 2 scrolls of immolation {unknown}
 z - a scroll of noise {unknown}
 H - a scroll of identify
 J - a scroll of acquirement {unknown}
Potions
 l - a potion of heal wounds
 o - 5 potions of curing
 s - 2 potions of haste
 v - a potion of magic {unknown}
 w - a potion of mutation {unknown}
 F - a potion of berserk rage {unknown}
 G - a potion of ambrosia {unknown}
 I - a potion of flight {unknown}


   Skills:
 + Level 5.3 Fighting
 + Level 2.6 Short Blades
 + Level 2.6 Long Blades
 + Level 2.6 Axes
 + Level 2.6 Maces & Flails
 + Level 2.6 Polearms
 + Level 2.6 Staves
 + Level 2.6 Ranged Weapons
 + Level 2.6 Throwing
 + Level 2.6 Armour
 + Level 2.6 Dodging
 + Level 2.6 Stealth
 + Level 5.3 Shields
 + Level 2.6 Unarmed Combat
 + Level 3.9 Spellcasting
 + Level 2.1 Conjurations
 + Level 2.1 Hexes
 + Level 2.1 Summonings
 + Level 2.1 Necromancy
 + Level 2.1 Translocations
 + Level 2.1 Transmutations
 + Level 2.1 Fire Magic
 + Level 2.1 Ice Magic
 + Level 2.1 Air Magic
 + Level 5.9 Earth Magic
 + Level 2.1 Poison Magic
 + Level 3.9 Invocations
 + Level 3.7 Evocations


You had 12 spell levels left.
You knew the following spells:

 Your Spells              Type           Power      Damage    Failure   Level
a - Sandblast             Erth           40%        2d10      2%          1

Your spell library contained the following spells:

 Spells                   Type           Power      Damage    Failure   Level
 Apportation              Tloc           18%        N/A       13%         1
 Necrotise                Necr           36%        1d5       13%         1
 Summon Small Mammal      Summ           36%        N/A       13%         1
 Stone Arrow              Conj/Erth      28%        3d8       19%         3
 Animate Armour           Summ/Erth      28%        N/A       52%         4
 Leda's Liquefaction      Hex/Erth       7%         N/A       52%         4
 Lehudib's Crystal Spear  Conj/Erth      7%         10d3      100%        8


Dungeon Overview and Level Annotations

Branches:
Dungeon (4/15)              Sewer (visited)
 Temple: D:4-7

Altars:
Fedhas
Makhleb
Trog
Zin

Annotations:
D:4 Pikel


Innate Abilities, Weirdness & Mutations

You have very sharp teeth.
Your uncanny sense of smell can sniff out nearby items.
Your experience applies equally to all skills.


Message History

The lemure is lightly wounded.
Pikel waves his whip at you.
Pikel hits you with a +2 whip of flaming.
Pikel burns you.
Casting: Sandblast (safe; 2% risk of failure)
Confirm with . or Enter, or press ? or * to list all spells.
Aiming: Sandblast (safe; 2% risk of failure)
Press: ? - help, Shift-Dir - straight line, f/p - Pikel
Aim: Pikel, wielding a +2 whip of flaming and wearing a +0 robe (heavily wounded, 79% to hit)
You miscast Sandblast.
You are very lightly contaminated with residual magic.
Nothing appears to happen.
Pikel hits you but does no damage.
Casting: Sandblast (safe; 2% risk of failure)
Confirm with . or Enter, or press ? or * to list all spells.
Aiming: Sandblast (safe; 2% risk of failure)
Press: ? - help, Shift-Dir - straight line, f/p - Pikel
Aim: Pikel, wielding a +2 whip of flaming and wearing a +0 robe (heavily wounded, 79% to hit)
The blast of sand hits Pikel but does no damage.
Pikel is heavily wounded.
Pikel hits you with a +2 whip of flaming. x2
You hit Pikel.
Pikel is poisoned.
Pikel is heavily wounded.
Pikel barely misses you.
You completely miss Pikel. Your bite misses Pikel.
Pikel is heavily wounded.
Pikel hits you with a +2 whip of flaming!
Pikel burns you.
You hit Pikel but do no damage.
Pikel looks as sick as possible!
Pikel is heavily wounded.
Pikel hits you with a +2 whip of flaming!
* * * LOW HITPOINT WARNING * * *
Pikel burns you.
* * * LOW HITPOINT WARNING * * *
Your magical contamination has completely faded away.
Pikel attacks as you move away!
Pikel hits you with a +2 whip of flaming!
* * * LOW HITPOINT WARNING * * *
Pikel attacks as you move away!
Pikel hits you with a +2 whip of flaming!
You die...

#.....# #.###.######
#.###....5.### ########
#5##.........#####
#......########5#....###5#.#....
##.#..........#5#....# #.#.#....
#.#..........#5#....###5#.#....
#.+<..........K.......55..'....
###...........@####..######....
#.#..................# #####
#.'........[.........#
#.#...................
#.###'#..#...........#
#.##.....#.##########.
#.##..#....# #.##..#..###
#.##..#..#


You could see Pikel (very poisoned) and 4 lemures.

Vanquished Creatures
  Menkaure (D:4)
  Pargi (Sewer)
  A phantom (D:4)
  A scorpion (D:4)
  A jelly (D:4)
  A hound (D:4)
  Jessica (D:2)
  Terence (D:3)
  2 adders
  3 gnolls (D:2)
  An ufetubus (D:4)
  A dart slug (D:2)
  5 orcs (D:4)
  6 bats
  6 endoplasms
  8 giant cockroaches
  7 goblins
  10 hobgoblins
  11 kobolds
  7 quokkas
  7 ball pythons
  7 frilled lizards
  5 rats
94 creatures vanquished.

Vanquished Creatures (others)
  2 plants (D:4)
2 creatures vanquished.

Grand Total: 96 creatures vanquished

Notes
Turn   | Place    | Note
-------+----------+-------------------------------------------
     0 | D:1      | booth the Gnoll Wanderer began the quest for the Orb.
     0 | D:1      | booth set off with the following items: a +0 club, a +0
                  | buckler, a scroll of blinking, a +0 robe, a scroll of
                  | butterflies; and the following spell memorised: Sandblast;
                  | and the following spells available to memorise: Animate
                  | Armour, Leda's Liquefaction.
     0 | D:1      | Reached XP level 1. HP: 20/20 MP: 4/4
   239 | D:1      | Reached XP level 2. HP: 26/26 MP: 2/5
  1011 | D:2      | Reached XP level 3. HP: 31/31 MP: 4/7
  1146 | D:2      | Noticed Jessica
  1153 | D:2      | Killed Jessica
  1154 | D:2      | Reached skill level 1 in Short Blades
  1154 | D:2      | Reached skill level 1 in Long Blades
  1154 | D:2      | Reached skill level 1 in Axes
  1154 | D:2      | Reached skill level 1 in Maces & Flails
  1154 | D:2      | Reached skill level 1 in Polearms
  1154 | D:2      | Reached skill level 1 in Staves
  1154 | D:2      | Reached skill level 1 in Ranged Weapons
  1154 | D:2      | Reached skill level 1 in Throwing
  1154 | D:2      | Reached skill level 1 in Armour
  1154 | D:2      | Reached skill level 1 in Dodging
  1154 | D:2      | Reached skill level 1 in Stealth
  1154 | D:2      | Reached skill level 1 in Unarmed Combat
  1195 | D:2      | Found a faded altar of an unknown god.
  1207 | D:2      | Prayed at the altar of an unknown god.
  1207 | D:2      | Became a worshipper of Makhleb the Destroyer
  1207 | D:2      | Reached * piety under Makhleb
  1259 | D:2      | Reached XP level 4. HP: 38/38 MP: 6/8
  1338 | D:2      | Reached skill level 1 in Conjurations
  1338 | D:2      | Reached skill level 1 in Hexes
  1338 | D:2      | Reached skill level 1 in Summonings
  1338 | D:2      | Reached skill level 1 in Necromancy
  1338 | D:2      | Reached skill level 1 in Translocations
  1338 | D:2      | Reached skill level 1 in Transmutations
  1338 | D:2      | Reached skill level 1 in Fire Magic
  1338 | D:2      | Reached skill level 1 in Ice Magic
  1338 | D:2      | Reached skill level 1 in Air Magic
  1338 | D:2      | Reached skill level 1 in Poison Magic
  1800 | D:3      | Noticed Terence
  1895 | D:3      | Killed Terence
  1896 | D:3      | Reached XP level 5. HP: 43/43 MP: 6/9
  2022 | D:3      | Reached ** piety under Makhleb
  2024 | D:3      | Found a glowing drain.
  2048 | Sewer    | Entered a sewer
  2086 | Sewer    | Noticed Pargi
  2101 | Sewer    | Killed Pargi
  2102 | Sewer    | Reached XP level 6. HP: 37/50 MP: 7/11
  2411 | D:3      | Found a blossoming altar of Fedhas.
  2425 | D:3      | Reached skill level 5 in Fighting
  2425 | D:3      | Reached skill level 5 in Shields
  2512 | D:3      | Found a glowing silver altar of Zin.
  3245 | D:4      | Found a bloodstained altar of Trog.
  3263 | D:4      | Reached XP level 7. HP: 51/56 MP: 9/12
  3317 | D:4      | Noticed Menkaure
  3325 | D:4      | Killed Menkaure
  3594 | D:4      | Noticed Pikel
  3631 | D:4      | Slain by Pikel

Illustrated notes

Levels and vault maps discovered:
D:1:      arrival_zaba_pyramid, layout_basic, roderic_roman_lattice
D:2:      layout_rooms, ebering_ecumenical_altar_mist, minmay_between,
          uniq_jessica
D:3:      layout_basic, mainiacjoe_overflow_brackets,
          mainiacjoe_overflow_alcove_1, gup_sewer_entry_pipe, uniq_terence
D:4:      nicolae_BIG_FREAKIN_CUBE, layout_basic, mainiacjoe_overflow_chevrons,
          hangedman_decor_growths, uniq_menkaure, uniq_pikel

Skill      XL: |  1  2  3  4  5  6  7 |
---------------+----------------------+-----
Short Blades   | 1 2 |  2.6
Long Blades    | 1 2 |  2.6
Axes           | 1 2 |  2.6
Maces & Flails | 1 2 |  2.6
Polearms       | 1 2 |  2.6
Staves         | 1 2 |  2.6
Ranged Weapons | 1 2 |  2.6
Throwing       | 1 2 |  2.6
Armour         | 1 2 |  2.6
Dodging        | 1 2 |  2.6
Stealth        | 1 2 |  2.6
Unarmed Combat | 1 2 |  2.6
Spellcasting   | 3 |  3.9
Conjurations   | 1 2 |  2.1
Hexes          | 1 2 |  2.1
Summonings     | 1 2 |  2.1
Necromancy     | 1 2 |  2.1
Translocations | 1 2 |  2.1
Transmutations | 1 2 |  2.1
Fire Magic     | 1 2 |  2.1
Ice Magic      | 1 2 |  2.1
Air Magic      | 1 2 |  2.1
Poison Magic   | 1 2 |  2.1
Invocations    | 3 |  3.9
Evocations     | 3 |  3.7
Fighting       | 5 |  5.3
Shields        | 5 |  5.3
Earth Magic    | |  5.9

Action                   |  1- 3 |  4- 6 |  7- 9 || total
-------------------------+-------+-------+-------++-------
Melee: Club              |     2 |       |       ||     2
       Dagger            |    29 |   155 |    20 ||   204
       Bite              |     2 |    12 |     3 ||    17
Throw: Boomerang         |       |       |     2 ||     2
 Cast: Sandblast         |    26 |    33 |    14 ||    73
Invok: Minor Destruction |       |     2 |       ||     2
  Use: Scroll            |     2 |     1 |     1 ||     4
       Potion            |       |       |     1 ||     1
Armor: Leather armour    |    10 |    67 |     6 ||    83
Dodge: Dodged            |     6 |    68 |    15 ||    89
Block: Buckler           |     4 |    46 |     8 ||    58
